 Dungeon Crawl Stone Soup version 0.30-a0-354-g6b83867211 (webtiles) character file.

Game seed: 4735166142268675926

130502 quakins the Bludgeoner (level 16, -1/161 HPs)
             Began as an Armataur Warper on Nov 7, 2022.
             Was a Believer of Ashenzari.
             Slain by a spriggan rider
             ... wielding a +0 spear
              (16 damage)
             ... on level 4 of the Swamp.
             The game lasted 01:06:33 (37358 turns).

quakins the Bludgeoner (Armataur Warper)           Turns: 37358, Time: 01:06:33

Health: -1/161     AC: 15    Str: 23    XL:     16   Next: 53%
Magic:  25/25      EV:  9    Int: 14    God:    Ashenzari [**....]
Gold:   1464       SH:  0    Dex: 11    Spells: 21/27 levels left

rFire   . . .      SeeInvis +    a - +6 great mace
rCold   . . .      Faith    .    (shield currently unavailable)
rNeg    . . .      Spirit   .    k - +0 swamp dragon scales
rPois   +          Reflect  .    j - +1 hat "Unveiling Insecurity" {Bglg, Fort} (curse)
rElec   .          Harm     .    i - scarf "Gaze Upon Infinity" {repulsion, Melee, Bglg} (curse)
rCorr   +          Roll     +    B - +0 pair of gloves of Curses and Power {Self, Evo} (curse)
Will    ++...                    (no barding)
Stlth   +.........               (no amulet)
HPRegen 0.46/turn                L - ring of willpower
MPRegen 0.19/turn                I - ring of resist corrosion

@: repel missiles
A: large, rugged brown scales 3, deformed body, armoured tail, roll, long
tongue, awkward tongue, horns 1, talons 1, iridescent scales 1, passive freeze,
sense surroundings 1, poison resistance, no potion heal 1
a: Renounce Religion, Curse Item, Shatter the Chains


You were on level 4 of the Swamp.
You worshipped Ashenzari.
Ashenzari was pleased with you.
You visited 5 branches of the dungeon, and saw 27 of its levels.
You also visited: Bailey.

You collected 2720 gold pieces.
You spent 1256 gold pieces at shops.

Inventory:

Hand Weapons
 a - a +6 great mace (weapon)
 K - a +3 dire flail of freezing
 Y - a +3 great mace of holy wrath
Missiles
 d - 9 boomerangs of dispersal
 t - a throwing net
Armour
 c - the +2 shield of Resistance {rF++ rC++ Will++}
   (You found it on level 3 of the Swamp)

   rF:        It greatly protects you from fire.
   rC:        It greatly protects you from cold.
   Will:      It greatly increases your willpower.
 h - a +1 ring mail of willpower
 i - the cursed scarf "Gaze Upon Infinity" (worn) {repulsion, Melee, Bglg}
   (You found it on level 1 of the Dungeon)

   It has a curse which improves the following skills: Melee Combat: Short
   Blades, Long Blades, Axes, Maces & Flails, Polearms, Staves and Unarmed
   Combat.
   Beguiling: Conjurations, Hexes and Translocations.
 j - the cursed +1 hat "Unveiling Insecurity" (worn) {Bglg, Fort}
   (You found it on level 14 of the Dungeon)

   It has a curse which improves the following skills: Beguiling: Conjurations,
   Hexes and Translocations.
   Fortitude: Armour and Shields.
 k - +0 swamp dragon scales (worn)
 B - the cursed +0 pair of gloves of Curses and Power (worn) {Self, Evo}
   (You found it on level 7 of the Dungeon)

   It has a curse which improves the following skills: Introspection: Fighting
   and Spellcasting.
   Evocations: Evocations.
 U - a +0 cloak
Jewellery
 l - the ring of Yesterday {rC+ Will- Int+4 Dex+4 Stlth+}
   (You found it on level 5 of the Dungeon)

   [ring of protection from cold]

   Int:       It affects your intelligence (+4).
   Dex:       It affects your dexterity (+4).
   rC:        It protects you from cold.
   Will:      It decreases your willpower.
   Stlth:     It makes you more stealthy.
 G - a ring of positive energy
 I - a ring of resist corrosion (right hand)
 L - a ring of willpower (left hand)
 O - a ring of protection from cold
 Q - a ring of protection from cold
 R - a +4 ring of slaying
Wands
 m - a wand of mindburst (2)
 w - a wand of light (8)
 y - a wand of flame (4)
 D - a wand of charming (27)
 F - a wand of polymorph (24)
 J - a wand of roots (8)
 Z - a wand of digging (19)
Scrolls
 e - 5 scrolls of amnesia
 o - 5 scrolls of noise
 p - 11 scrolls of teleportation
 r - 3 scrolls of fog
 u - a scroll of summoning
 v - 4 scrolls of silence
 x - 3 scrolls of fear
 z - 2 scrolls of enchant weapon
 E - a scroll of enchant armour
 M - 2 scrolls of poison
 T - 5 scrolls of vulnerability
 V - a scroll of torment
 W - 4 scrolls of magic mapping
Potions
 b - 9 potions of mutation
 f - 18 potions of curing
 g - a potion of brilliance
 n - 2 potions of invisibility
 q - 9 potions of might
 s - 5 potions of berserk rage
 A - 3 potions of lignification
 C - a potion of haste
 H - 2 potions of cancellation
 N - 2 potions of heal wounds
 P - 6 potions of flight
 S - 3 potions of ambrosia
 X - a potion of resistance


   Skills:
 - Level 14.8(16.0) Fighting
 - Level 19.2(20.3) Maces & Flails
 - Level 0.8 Throwing
 - Level 12.0(13.1) Armour
 - Level 1.3 Dodging
 - Level 4.8(6.0) Spellcasting
 + Level 11.0(12.8) Translocations


You had 21 spell levels left.
You knew the following spells:

 Your Spells              Type           Power      Damage    Failure   Level
a - Blink                 Tloc           80%        N/A       1%          2
b - Manifold Assault      Tloc           40%        N/A       1%          4

Your spell library contained the following spells:

 Spells                   Type           Power      Damage    Failure   Level
 Lesser Beckoning         Tloc           80%        N/A       1%          3
 Teleport Other           Tloc           40%        N/A       1%          3
 Vhi's Electric Charge    Tloc/Air       44%        N/A       4%          3
 Kindle Blastsparks       Fire/Tloc/Air  32%        2d12      12%         3
 Iskenderun's Mystic Bla  Conj/Tloc      22%        2d6       16%         4
 Freeze                   Ice            16%        1d4       22%         1
 Sting                    Tmut/Pois      16%        1d3       22%         1
 Summon Small Mammal      Summ           16%        N/A       22%         1
 Cigotuvi's Dreadful Rot  Necr/Pois/Air  8%         N/A       32%         2
 Poisonous Vapours        Pois/Air       8%         N/A       32%         2
 Dazzling Flash           Conj/Hex       8%         N/A       52%         3
 Call Canine Familiar     Summ           4%         N/A       54%         3
 Frozen Ramparts          Ice            8%         1d2       54%         3
 Hailstorm                Conj/Ice       4%         3d4       54%         3
 Ignite Poison            Fire/Tmut/Pois 4%         N/A       54%         3
 Inner Flame              Hex/Fire       4%         N/A       54%         3
 Mephitic Cloud           Conj/Pois/Air  4%         N/A       54%         3
 Spider Form              Tmut/Pois      4%         N/A       54%         3
 Summon Guardian Golem    Hex/Summ       4%         N/A       54%         3
 Airstrike                Air            2%         2d(1-17)  91%         4
 Flame Wave               Conj/Fire      4%         2d5       91%         4
 Olgreb's Toxic Radiance  Pois           4%         N/A       91%         4
 Sticky Flame             Conj/Fire      4%         2d3       91%         4
 Summon Lightning Spire   Summ/Air       4%         N/A       91%         4
 Arcjolt                  Conj/Air       2%         1d12      99%         5
 Freezing Cloud           Conj/Ice/Air   2%         6-21      99%         5
 Lightning Bolt           Conj/Air       2%         1d13      99%         5
 Starburst                Conj/Fire      2%         6d3       100%        6
 Ozocubu's Refrigeration  Ice            2%         4d7       100%        7
 Discord                  Hex            2%         N/A       100%        8
 Ignition                 Fire           2%         3d3       100%        8
 Maxwell's Capacitive Co  Air            2%         ∞         100%        8


Dungeon Overview and Level Annotations

Branches:
Dungeon (15/15)            Temple (1/1) D:7            Lair (5/5) D:10
  Swamp (4/4) Lair:2        Snake (0/4) Lair:3        Slime (0/5) Lair:5
    Orc (2/2) D:10            Elf (0/3) Orc:2        Vaults (0/5) D:14
 Depths (0/4) D:15         Bailey (visited)

Altars:
Ashenzari
Cheibriados
Dithmenos
Elyvilon
Fedhas
Gozag
Hepliaklqana
Kikubaaqudgha
Makhleb
Nemelex Xobeh
Okawaru
Qazlal
Ru
Sif Muna
Trog
Uskayaw
Vehumet
Wu Jian
Xom
Yredelemnul
Zin
The Shining One
Jiyva

Shops:
D:5 :   Orc:2 [*!!

Annotations:
D:1 1 transporter
D:10 1 exclusion
Lair:4 Rupert
Lair:5 1 runed translucent door


Innate Abilities, Weirdness & Mutations

You are completely covered in rugged brown scales. (AC +3, +7% HP)
Armour fits poorly on your strangely shaped body.
You have a long armoured tail.
You roll when moving toward enemies. (Rampage)
Your long tongue fully drains potion bottles. (2x potion effects)
Your tongue gives you trouble enunciating. (1.5x scroll delay)
You have a pair of small horns on your head.
You have sharp toenails.
You are partially covered in iridescent scales. (AC +2)
A frigid envelope surrounds you and freezes all who hurt you.
You passively map a small area around you.
Your system is resistant to poisons. (rPois)
Potions are less effective at restoring your health.


Message History

The seven-headed hydra is severely wounded.
The seven-headed hydra bites you.
The seven-headed hydra is very cold.
The seven-headed hydra is severely wounded.
The seven-headed hydra bites you.
The seven-headed hydra is very cold.
The seven-headed hydra seems to slow down.
The seven-headed hydra is severely wounded.
The seven-headed hydra bites you!
The seven-headed hydra is very cold.
The seven-headed hydra is almost dead.
The seven-headed hydra misses you.
The spriggan rider hits you from afar with a +0 spear!
You pound the seven-headed hydra like an anvil!!!
You kill the seven-headed hydra!
The spriggan rider hits you from afar with a +0 spear!!
Your base Translocations skill increases to level 11!
Found the +1 kite shield of the Poles {rElec Will++ Str-4 Slay+6}.
The swamp worm fires a harpoon shot at you.
The harpoon shot is repelled.
The spriggan rider closely misses you.
The spriggan rider hits you but does no damage.
The spriggan rider hits you from afar with a +0 spear!!
* * * LOW HITPOINT WARNING * * *
The swamp worm bites you but does no damage.
The swamp worm is very cold.
The swamp worm is moderately wounded.
The spriggan rider hits you from afar with a +0 spear!
* * * LOW HITPOINT WARNING * * *
The spriggan rider hits you from afar with a +0 spear.
* * * LOW HITPOINT WARNING * * *
The swamp worm bites you.
* * * LOW HITPOINT WARNING * * *
The swamp worm is very cold.
The swamp worm is moderately wounded.
The spriggan rider hits you from afar with a +0 spear!!
* * * LOW HITPOINT WARNING * * *
There is a stone staircase leading up, spattered with blood here.
The spriggan rider hits you but does no damage.
The swamp worm bites you but does no damage.
The swamp worm is very cold.
The swamp worm is heavily wounded.
The spriggan rider hits you from afar with a +0 spear!
You die...

* ~~. ♣♣♣~~ *
*♣♣$~~~~~~.♣♣ *♣♣§♣.~~
*♣..~~~~~~~.♣♣ ......i
§[~~§~~~§~§.♣♣♣.~~~~~♣
~
..~~~§~~§~~.~..~~~~~.
~* *
♣.~§~~~~~~~..~~~~~~.**
*♣~~~~~§~~~~$~~~~~.♣ *
♣~§~wi~~~.....~♣
♣..@~i~~..~♣..♣♣ ~ ~*
♣♣..~i~~..~♣ ♣♣ ,,*
♣♣~~~~~~~♣♣ , *
♣.~~~~~.♣ * *
♣♣~~~~~♣♣ , ♣♣~~~~~.♣
~ *♣~~~~~~♣♣ ~
*♣~~~~~.♣♣♣ ~
♣~~~~.§~~♣


You could see 3 spriggan riders and a swamp worm.

Vanquished Creatures
  Jorgrun (D:15)
  A thorn hunter (Swamp:3)
  5 eleionomae
  Azrael (D:14)
  3 bunyips
  The ghost of koil the Nimble, a journeyman SpHu of Yredelemnul (Orc:2)
  A shambling mangrove (Swamp:2)
  Josephine (Orc:2)
  The ghost of ziggurnaut the Fighter, a journeyman FoVM of Fedhas (Lair:2)
  8 vault guards (D:14)
  An ogre mage (D:15)
  A rakshasa (D:15)
  3 ghost crabs
  11 two-headed ogres
  10 hydras
  A spriggan air mage (Swamp:2)
  4 centaur warriors
  A dancing weapon (Lair:2)
  7 death yaks (Lair:5)
  4 catoblepae (Lair:5)
  The ghost of Piups the Frost Mage, a journeyman DsIE of Vehumet (Lair:3)
  11 alligators
  A death knight (D:15)
  3 tengu warriors (D:14)
  Urug (Lair:4)
  4 boulder beetles
  3 orc high priests (Orc:2)
  Nergalle (Lair:1)
  5 spriggans
  A goliath frog (Swamp:3)
  A glowing orange brain (D:15)
  A bog body (Swamp:2)
  2 spriggan druids (Swamp:2)
  2 swamp dragons
  A lindwurm (Lair:3)
  The ghost of kd29 the Ruffian, a novice DrTm (D:5)
  2 deep elf pyromancers
  4 orc knights (Orc:2)
  4 orc sorcerers (Orc:2)
  9 ugly things
  4 manticores
  8 cyclopes
  24 elephants
  2 will-o-the-wisps
  4 black mambas
  An eye of devastation (shapeshifter) (D:15)
  12 cane toads
  An unseen horror (D:12)
  2 gargoyles
  Maggie (D:6)
  2 yaktaurs
  A kobold demonologist (D:11)
  3 rime drakes
  A freezing wraith (D:12)
  9 komodo dragons
  2 tengu conjurers (D:15)
  8 trolls
  3 polar bears
  5 tyrant leeches
  A polar bear (shapeshifter) (D:13)
  4 blink frogs (Lair:3)
  9 hornets
  Prince Ribbit (D:5)
  23 slime creatures
  A shadow (D:9)
  A water elemental (D:15)
  68 yaks
  A vampire (D:10)
  6 wraiths
  3 wyverns
  4 basilisks
  3 fire elementals (D:14)
  17 vampire mosquitoes
  A warg (Orc:2)
  A naga (Lair:3)
  2 acid dragons (D:12)
  13 swamp worms
  3 hell hounds (D:14)
  10 water moccasins
  25 orc warriors
  3 ice beasts
  3 black bears
  A sky beast (D:6)
  12 ogres
  6 centaurs
  9 wolves
  A phantom (D:4)
  3 kobold brigands
  12 bullfrogs
  2 scorpions
  2 gnoll sergeants
  A necrophage (D:8)
  5 wights (D:10)
  6 killer bees (D:10)
  7 howler monkeys
  4 electric eels
  2 jellies (D:6)
  8 hounds
  12 orc priests
  A gnoll bouda (D:7)
  5 iguanas
  17 orc wizards
  6 hell rats (Lair:3)
  Robin (D:3)
  6 adders
  14 gnolls
  A shadow imp (D:5)
  A white imp (D:8)
  An ufetubus (D:5)
  A worm (D:2)
  A dart slug (D:3)
  75 orcs
  7 endoplasms
  3 giant cockroaches (D:2)
  15 goblins
  10 hobgoblins
  17 kobolds
  A quokka (D:4)
  6 ball pythons
  6 bats
  4 frilled lizards
  2 rats (D:3)
714 creatures vanquished.

Vanquished Creatures (collateral kills)
  A necrophage (D:5)
1 creature vanquished.

Vanquished Creatures (others)
  A water moccasin (Lair:2)
  2 foxfires (Swamp:3)
  23 fungi
  32 plants
58 creatures vanquished.

Grand Total: 773 creatures vanquished

Notes
Turn   | Place    | Note
-------+----------+-------------------------------------------
     0 | D:1      | quakins the Armataur Warper began the quest for the Orb.
     0 | D:1      | Reached XP level 1. HP: 18/18 MP: 3/3
   109 | D:1      | Reached skill level 2 in Maces & Flails
   171 | D:1      | Reached XP level 2. HP: 16/25 MP: 4/4
  1295 | D:2      | Reached skill level 3 in Maces & Flails
  1345 | D:2      | Reached XP level 3. HP: 29/31 MP: 5/5
  1842 | D:3      | Reached skill level 4 in Maces & Flails
  1842 | D:3      | Reached XP level 4. HP: 38/38 MP: 6/6
  1859 | D:3      | Noticed Robin
  1886 | D:3      | Killed Robin
  2080 | D:4      | You fall into a shaft and drop 2 floors!
  2090 | D:6      | Found a glowing silver altar of Zin.
  2094 | D:6      | Noticed a bullfrog
  2099 | D:5      | Entered Level 5 of the Dungeon
  2106 | D:5      | Reached XP level 5. HP: 39/43 MP: 7/7
  2112 | D:5      | Reached skill level 5 in Maces & Flails
  2375 | D:5      | Noticed a black bear
  2380 | D:5      | Killed a black bear
  2381 | D:5      | Reached skill level 6 in Maces & Flails
  2381 | D:5      | Reached XP level 6. HP: 51/51 MP: 8/8
  2619 | D:4      | Reached skill level 7 in Maces & Flails
  2624 | D:4      | Reached XP level 7. HP: 45/56 MP: 9/9
  2728 | D:4      | Got the Tome of Poisonous Ensorcelling
  3199 | D:4      | Found a broken altar of Ashenzari.
  3204 | D:4      | Became a worshipper of Ashenzari the Shackled
  3399 | D:5      | Noticed Prince Ribbit
  3433 | D:5      | Reached skill level 8 in Maces & Flails
  3437 | D:5      | Killed Prince Ribbit
  3685 | D:5      | Learned a level 2 spell: Blink
  3705 | D:5      | Identified the ring of Yesterday {rC+ Will- Int+4 Dex+4
                  | Stlth+}
  3767 | D:5      | Reached XP level 8. HP: 47/70 MP: 10/10
  3944 | D:5      | Found a transporter.
  3945 | D:5      | Noticed kd29's ghost (novice DrTm)
  3958 | D:5      | Found a transporter.
  4013 | D:5      | Found Umiuch's Book Boutique.
  4213 | D:5      | Found a shimmering altar of Xom.
  4716 | D:6      | Reached skill level 5 in Fighting
  4773 | D:6      | Noticed Maggie
  4807 | D:6      | Gained mutation: You do not regenerate when monsters are
                  | visible. [potion of mutation]
  4807 | D:6      | Gained mutation: Your mind is acute. (Int +4, Str/Dex -1)
                  | [potion of mutation]
  4807 | D:6      | Gained mutation: You are vulnerable to cold. (rC-) [potion
                  | of mutation]
  4807 | D:6      | Lost mutation: You do not regenerate when monsters are
                  | visible. [potion of mutation]
  4807 | D:6      | Gained mutation: You are weak. (Str -2) [potion of
                  | mutation]
  4807 | D:6      | Gained mutation: Potions are less effective at restoring
                  | your health. [potion of mutation]
  4807 | D:6      | Gained mutation: You have a pair of small horns on your
                  | head. [potion of mutation]
  4841 | D:6      | Killed Maggie
  5089 | D:6      | Lost mutation: You have a pair of small horns on your head.
                  | [potion of mutation]
  5089 | D:6      | Lost mutation: Your mind is acute. (Int +4, Str/Dex -1)
                  | [potion of mutation]
  5089 | D:6      | Lost mutation: You are weak. (Str -2) [potion of mutation]
  5089 | D:6      | Lost mutation: You are vulnerable to cold. (rC-) [potion of
                  | mutation]
  5089 | D:6      | Gained mutation: A frigid envelope surrounds you and
                  | freezes all who hurt you. [potion of mutation]
  5089 | D:6      | Gained mutation: Your system is resistant to poisons.
                  | (rPois) [potion of mutation]
  5089 | D:6      | Gained mutation: You passively map a small area around you.
                  | [potion of mutation]
  5089 | D:6      | Gained mutation: You are partially covered in iridescent
                  | scales. (AC +2) [potion of mutation]
  5089 | D:6      | Gained mutation: You have a pair of small horns on your
                  | head. [potion of mutation]
  5089 | D:6      | Gained mutation: You have sharp toenails. [potion of
                  | mutation]
  5324 | D:6      | Reached XP level 9. HP: 36/85 MP: 11/11
  6286 | D:5      | Killed kd29's ghost
  6457 | D:7      | Found a staircase to the Ecumenical Temple.
  6466 | Temple   | Entered the Ecumenical Temple
  6523 | D:7      | Found a flagged portal.
  6555 | Bailey   | Entered a bailey
  6823 | D:7      | Reached skill level 10 in Fighting
  6984 | D:7      | Noticed a two-headed ogre
  6995 | D:7      | Killed a two-headed ogre
  6996 | D:7      | Reached skill level 9 in Maces & Flails
  7001 | D:7      | Reached XP level 10. HP: 32/99 MP: 12/12
  7382 | D:7      | Found a blossoming altar of Fedhas.
  7754 | D:8      | Reached skill level 10 in Maces & Flails
  7988 | D:8      | Found a snail-covered altar of Cheibriados.
  8055 | D:8      | Found a radiant altar of Vehumet.
  8056 | D:8      | Found a sparkling altar of Nemelex Xobeh.
  8797 | D:9      | Reached * piety under Ashenzari
  8921 | D:9      | Noticed a two-headed ogre
  8930 | D:9      | Killed a two-headed ogre
  8931 | D:9      | Reached skill level 11 in Maces & Flails
  9439 | D:10     | Entered Level 10 of the Dungeon
  9512 | D:9      | Reached skill level 12 in Maces & Flails
  9780 | D:10     | Noticed Erolcha
  9786 | D:10     | Erolcha changed into Erolcha the yaktaur
  9786 | D:10     | Noticed Erolcha
  9790 | D:10     | Killed Erolcha the yaktaur
  9868 | D:10     | Reached XP level 11. HP: 103/108 MP: 14/14
 10403 | D:10     | Found a staircase to the Orcish Mines.
 10619 | D:10     | Reached skill level 13 in Maces & Flails
 11192 | D:10     | Found a staircase to the Lair.
 11848 | D:11     | Reached skill level 14 in Maces & Flails
 12696 | Lair:1   | Entered Level 1 of the Lair of Beasts
 12962 | Lair:1   | Noticed Nergalle
 12977 | Lair:1   | Killed Nergalle
 12985 | Lair:1   | Reached skill level 15 in Maces & Flails
 13286 | Lair:1   | Reached XP level 12. HP: 105/115 MP: 15/15
 14095 | Lair:2   | Found a staircase to the Swamp.
 14230 | Lair:2   | You fall into a shaft and drop 2 floors!
 14618 | Lair:3   | Found a staircase to the Snake Pit.
 15097 | Lair:3   | Reached skill level 5 in Translocations
 15638 | Lair:2   | Noticed a five-headed hydra
 15652 | Lair:2   | Killed a five-headed hydra
 15653 | Lair:2   | Reached skill level 5 in Armour
 15821 | Lair:2   | Noticed a six-headed hydra
 15830 | Lair:2   | Killed a six-headed hydra
 15836 | Lair:2   | Learned a level 4 spell: Manifold Assault
 15913 | Lair:2   | Found a runed translucent door.
 15914 | Lair:2   | Found a shimmering altar of Xom.
 15914 | Lair:2   | Noticed ziggurnaut's ghost (journeyman FoVM)
 16159 | Lair:2   | Killed ziggurnaut's ghost
 16160 | Lair:2   | Reached XP level 13. HP: 106/126 MP: 16/16
 16587 | Lair:3   | Identified the +10 falchion of Rubbish {vorpal, Str+8}
 16635 | Lair:3   | Found a runed translucent gate.
 16636 | Lair:3   | Found a runed translucent gate.
 16637 | Lair:3   | Found a runed translucent gate.
 16637 | Lair:3   | Noticed Piups's ghost (journeyman DsIE)
 16921 | Lair:3   | Reached skill level 10 in Armour
 16927 | Lair:3   | Killed Piups's ghost
 17466 | Lair:4   | Noticed Rupert
 17470 | Lair:5   | Entered Level 5 of the Lair of Beasts
 17546 | Lair:5   | Reached skill level 16 in Maces & Flails
 18585 | Lair:4   | Noticed Urug
 18596 | Lair:4   | Killed Urug
 19487 | Lair:5   | Reached XP level 14. HP: 133/134 MP: 17/17
 19585 | Lair:5   | Found a runed translucent door.
 19585 | Lair:5   | Found a viscous altar of Jiyva.
 19591 | Lair:5   | Found a staircase to the Slime Pits.
 20070 | Lair:5   | Reached skill level 17 in Maces & Flails
 20508 | Lair:5   | Identified the +1 robe "Kenysywae" {rElec Int+3 Stlth+}
 21363 | D:12     | Reached skill level 18 in Maces & Flails
 23598 | D:13     | Reached skill level 19 in Maces & Flails
 24012 | D:14     | Noticed Azrael
 25024 | D:14     | Reached XP level 15. HP: 109/143 MP: 18/18
 25476 | D:14     | Killed Azrael
 25741 | D:14     | Found a gate to the Vaults.
 25913 | D:15     | Entered Level 15 of the Dungeon
 26295 | D:15     | Identified the +8 dagger of Thoughtfulness {protect, rC+}
 26308 | D:15     | Noticed Jorgrun
 26316 | D:15     | Killed Jorgrun
 26931 | D:15     | Found an ornate altar of the Wu Jian Council.
 27537 | D:15     | Found a staircase to the Depths.
 28194 | Orc:1    | Entered Level 1 of the Orcish Mines
 28474 | Orc:2    | Entered Level 2 of the Orcish Mines
 28908 | Orc:2    | Found Godeuz Xoha's Distillery.
 30103 | Orc:2    | Noticed Josephine
 30323 | Orc:2    | Killed Josephine
 30589 | Orc:2    | Found a staircase to the Elven Halls.
 30619 | Orc:2    | Found a transporter.
 30633 | Orc:2    | Found a transporter.
 30642 | Orc:2    | Noticed koil's ghost (journeyman SpHu)
 30863 | Orc:2    | Found Ryruoxam's Antique Armour Emporium.
 30951 | Orc:2    | Found Bafaeschus's Assorted Antiques.
 30958 | Orc:2    | Bought a scroll of teleportation for 69 gold pieces
 30958 | Orc:2    | Bought a scroll of teleportation for 69 gold pieces
 30958 | Orc:2    | Found Ogor's Distillery.
 30966 | Orc:2    | Bought a potion of mutation for 104 gold pieces
 30966 | Orc:2    | Bought 2 potions of flight for 78 gold pieces
 30966 | Orc:2    | Bought a potion of ambrosia for 104 gold pieces
 30966 | Orc:2    | Bought a potion of curing for 39 gold pieces
 30966 | Orc:2    | Bought a potion of berserk rage for 65 gold pieces
 30968 | Orc:2    | Bought 2 potions of curing for 84 gold pieces
 30968 | Orc:2    | Bought a potion of curing for 42 gold pieces
 30968 | Orc:2    | Bought a potion of curing for 42 gold pieces
 30968 | Orc:2    | Bought a potion of invisibility for 112 gold pieces
 30968 | Orc:2    | Bought a potion of curing for 42 gold pieces
 30968 | Orc:2    | Bought a potion of curing for 42 gold pieces
 30968 | Orc:2    | Bought a potion of resistance for 140 gold pieces
 30968 | Orc:2    | Bought 2 potions of mutation for 224 gold pieces
 31175 | Orc:2    | Killed koil's ghost
 31377 | Orc:2    | Identified a scroll of acquirement
 31801 | Swamp:1  | Entered Level 1 of the Swamp
 31943 | Swamp:1  | Identified the +1 chain mail of Uzer {rC+ rCorr Str+2}
 32216 | Swamp:1  | Reached XP level 16. HP: 111/159 MP: 19/19
 32665 | Swamp:1  | Reached ** piety under Ashenzari
 35423 | Swamp:3  | Noticed a thorn hunter
 35427 | Swamp:3  | Killed a thorn hunter
 35939 | Swamp:2  | Reached skill level 10 in Translocations
 36492 | Swamp:3  | Found the +2 shield of Resistance {rF++ rC++ Will++}
 36846 | Swamp:4  | Entered Level 4 of the Swamp
 37356 | Swamp:4  | Identified the +1 kite shield of the Poles {rElec Will++
                  | Str-4 Slay+6}
 37358 | Swamp:4  | Slain by a spriggan rider

Illustrated notes

Levels and vault maps discovered:
D:1:      spicycebolla_arrival_risky_transporter, layout_basic
D:2:      layout_loops_cross
D:3:      layout_basic, uniq_robin
D:4:      layout_rooms, lemuel_doored_altar, minmay_misc_feat_columns
D:5:      layout_loops_corners, tgw_xom, gammafunk_ghost_smash, serial_shops,
          nicolae_shop_crystal, uniq_prince_ribbit1
D:6:      layout_basic, mainiacjoe_overflow_boulevard, uniq_maggie
D:7:      layout_basic, fedhas_altar_4, minmay_temple_entry_waves,
          enter_bailey_5, st_stairs_11
D:8:      layout_cave_pools, mainiacjoe_overflow_alcove_1,
          gammafunk_temple_overflow_pools
D:9:      layout_gridville
D:10:     layout_roguey [special_room_orc], erik_lair_island, uniq_erolcha
D:11:     layout_cross, serial_column_ruins, column_ruins_hut,
          column_ruins_open_small, column_ruins_open_large, column_ruins_grid_3,
          column_ruins_open_medium, column_ruins_open_small_water
D:12:     layout_roguey, portal_ice_cave_entry_pillars_2
D:13:     layout_roguey
D:14:     layout_basic, erik_vaults_2, roderic_lattice_a,
          serial_co_window_serial, co_window_paths_a, co_window_paths_b,
          co_window_corner_a, co_window_paths_b, co_window_paths_a,
          co_window_corner_ca, co_window_broadway_a, co_window_corner_b,
          co_window_2corner, co_window_corner_ca, co_window_of_opportunity_b,
          uniq_azrael
D:15:     gammafunk_enter_depths_forms, layout_loops_ring,
          nicolae_wu_jian_immortal_techniques, grunt_ministairs_11,
          nicolae_water_bricks, uniq_jorgrun
Temple:   nicolae_temple_no_exploring_needed
Lair:1:   layout_gridlike, minmay_holes, serial_bayou_shore_a,
          lemuel_fruit_tree, uniq_nergalle
Lair:2:   layout_chaotic_city, swamp_mist, ebering_ghost_xom
Lair:3:   layout_hall_layers, guppyfry_snake_entry_island,
          gammafunk_ghost_hydra_chop, grunt_megastairs_4
Lair:4:   layout_cave_pods, uniq_urug, uniq_rupert
Lair:5:   evilmike_catoblepas_cave, layout_regular_city, slime_entry_2,
          chequers_serial_rivers_small_a, lemuel_fruit_fields
Swamp:1:  layout_falls_marsh, hangedman_swamp_cone
Swamp:2:  layout_basic_swamp, nicolae_swamp_trees_clearing, swamp_pool1,
          infiniplex_staircase_pool
Swamp:3:  layout_falls_marsh, nicolae_swamp_ascending_descending
Swamp:4:  swamp_basic_johnstein, layout_basic_swamp
Orc:1:    layout_diamond_mine, basic_altar
Orc:2:    st_orc_elflike, layout_caves, gammafunk_ghost_arena, basic_altar,
          uniq_josephine

Skill      XL: |  1  2  3  4  5  6  7  8  9 10 11 12 13 14 15 16 |
---------------+-------------------------------------------------+-----
Maces & Flails | 2 3 4 6 7 8 9 12 15 16 19 | 19.2
Fighting       | 4 7 10 11 14 | 14.8
Translocations | 6 9 11 | 11.0
Armour         | 7 12 | 12.0
Spellcasting   | 4 |  4.8
Throwing       | |  0.8
Dodging        | |  1.3

Action                   |  1- 3 |  4- 6 |  7- 9 | 10-12 | 13-15 | 16-18 || total
-------------------------+-------+-------+-------+-------+-------+-------++-------
Melee: Mace              |   102 |       |       |       |       |       ||   102
       Tailslap          |     8 |    12 |    25 |    95 |   154 |    21 ||   315
       Whip              |    11 |    91 |   243 |   496 |       |       ||   841
       Kick              |       |       |    38 |   219 |   326 |    45 ||   628
       Headbutt          |       |       |    14 |   136 |   231 |    38 ||   419
       Punch             |       |       |     1 |     2 |       |       ||     3
       Dire flail        |       |       |       |   159 |   479 |       ||   638
       Great mace        |       |       |       |       |   400 |   210 ||   610
 Cast: Blink             |       |       |       |     1 |       |     1 ||     2
       Manifold Assault  |       |       |       |       |    44 |    39 ||    83
Invok: Curse Item        |       |       |     1 |     1 |     1 |     1 ||     4
       Shatter the Chain |       |       |       |     1 |       |       ||     1
Evoke: Wand              |       |       |     5 |    12 |     2 |       ||    19
  Use: Scroll            |       |     3 |     4 |     1 |     6 |     2 ||    16
       Potion            |       |       |     9 |     1 |     3 |     1 ||    14
 Stab: Petrified         |       |       |       |       |     8 |       ||     8
       Petrifying        |       |       |       |       |     1 |       ||     1
Armor: Leather armour    |    15 |       |       |       |       |       ||    15
       Ring mail         |    48 |    27 |    59 |   149 |    69 |       ||   352
       Skin              |       |       |     8 |       |       |       ||     8
       Swamp dragon scal |       |       |       |       |   140 |    81 ||   221
Dodge: Dodged            |    54 |    42 |    82 |   144 |   194 |    53 ||   569
       Repelled          |       |       |     4 |     6 |     7 |     6 ||    23

Table legend: (Time is in decaauts)
 A = Elapsed time spent in this place.
 B = Non-inter-level travel time spent in this place.
 C = Inter-level travel time spent in this place.
 D = Time resting spent in this place.
 E = Time spent auto-exploring this place.
 F = Levels seen in this place.
 G = Mean time per level.
                   A        B        C        D        E       F      G
               +--------+--------+--------+--------+--------+-----+--------+
         Total |  36915 |  34860 |   2055 |  11250 |  18692 |  28 | 1318.4 |
       Dungeon |  19946 |  18412 |   1534 |   4722 |  10873 |  15 | 1329.7 |
        Temple |      1 |      1 |      0 |      0 |      0 |   1 |    1.0 |
          Lair |   8029 |   7723 |    306 |   2222 |   4397 |   5 | 1605.8 |
         Swamp |   5682 |   5616 |     66 |   2827 |   2276 |   4 | 1420.5 |
  Orcish Mines |   3230 |   3082 |    148 |   1476 |   1145 |   2 | 1615.0 |
        Bailey |     23 |     23 |      0 |      2 |      0 |   1 |   23.0 |
               +--------+--------+--------+--------+--------+-----+--------+

Top non-repeatable levels by time:
 Swamp:2: 2810 daAuts
  Lair:5: 2337 daAuts
    D:14: 2197 daAuts
    D:15: 2157 daAuts
     D:5: 2068 daAuts
    D:10: 1998 daAuts
  Lair:3: 1778 daAuts
   Orc:1: 1735 daAuts
    D:11: 1704 daAuts
 Swamp:1: 1580 daAuts
   Orc:2: 1495 daAuts
  Lair:2: 1443 daAuts
     D:6: 1443 daAuts
  Lair:4: 1408 daAuts
    D:13: 1244 daAuts
